[Event "SixDays Budapest January-GM 2023"]
[Site "Budapest"]
[Date "2023.01.24"]
[Round "2.5"]
[White "Chen, Qi b"]
[Black "Nagy, Gabor"]
[Result "1/2-1/2"]
[ECO "C42"]
[WhiteElo "2484"]
[BlackElo "2499"]
[Annotator "TA"]
[PlyCount "47"]
[EventDate "2023.01.23"]
[EventType "tourn"]
[EventCountry "HUN"]
[SourceTitle "playchess.com"]
[Source "ChessBase"]
[SourceQuality "1"]
[TimeControl "5400+30"]

1. e4 e5 2. Nf3 Nf6 3. Nxe5 d6 4. Nf3 Nxe4 5. d4 d5 6. Bd3 Nc6 7. O-O Be7 8. Nbd2 Nd6 {[%emt 0:01:23] C42: Petroff Defence: 3 Nxe5 and unusual White 3rd moves.} 9. c3 {[%emt 0:03:13] 9.Re1 is more fashionable.} O-O 10. Re1 Bf5 11. Nf1 Re8 12. Bf4 {[%emt 0:04:52] [#] Black must now prevent Bxd6.} Be6 $146 ({Predecessor:} 12... Bxd3 13. Qxd3 Ne4 14. Ne3 Nf6 15. Qb5 Rb8 16. Re2 a6 17. Qb3 Na5 18. Qc2 Nc4 19. Nxc4 dxc4 {1-0 Rakhimov,R (2142)-Pawlowski,W (2200) EU-ch 2016 pr23 email}) 13. Qc2 h6 14. Ne5 {[%emt 0:04:17] White is much more active.} Nxe5 15. dxe5 Nc4 16. Rad1 {[%emt 0:02:59] aiming for Bxc4.} Qc8 17. b3 Nb6 18. Ng3 c5 {[%emt 0:02:15] [#]} (18... Qd8 $16 {was called for.}) 19. Nf5 (19. Qc1 $1 $18) 19... c4 $14 20. Nxe7+ (20. bxc4 $5 Nxc4 21. Nd4 $11) 20... Rxe7 21. Bf1 cxb3 {[%emt 0:04:40] White is slightly better.} 22. axb3 Rc7 23. Rc1 Nd7 24. Be3 {[%emt 0:03:46] Weighted Error Value: White=0.18 (very precise) /Black=0.11 (very precise)} 1/2-1/2

[Event "SixDays Budapest January-GM 2023"]
[Site "Budapest"]
[Date "2023.01.24"]
[Round "3.1"]
[White "Nagy, Gabor"]
[Black "Pajeken, Jakob Leon"]
[Result "1/2-1/2"]
[ECO "A06"]
[WhiteElo "2499"]
[BlackElo "2449"]
[Annotator "TA"]
[PlyCount "33"]
[EventDate "2023.01.23"]
[EventType "tourn"]
[EventCountry "HUN"]
[SourceTitle "playchess.com"]
[Source "ChessBase"]
[SourceQuality "1"]
[TimeControl "5400+30"]

1. Nf3 d5 2. g3 Bg4 3. Bg2 Nd7 4. h3 Bxf3 5. Bxf3 Ngf6 6. d3 c6 7. Nd2 {[%emt 0:01:31] The position is equal. was the old line (7.0-0).} e6 {[%emt 0:02:07] A07: Réti Opening: New York and Capablanca Systems.} 8. Bg2 Bd6 9. e4 Qb6 10. Qe2 {[%emt 0:02:02] [#]} O-O $146 ({Predecessor:} 10... O-O-O 11. Nb3 d4 12. O-O e5 13. Bd2 Qc7 14. a4 Nc5 15. Na5 Kd7 16. Nc4 Rhe8 17. Nxd6 Qxd6 {½-½ Schulz,A (1878)-Lenz,H (2044) Ruhrgebiet VK2 0001 2000 (2)}) 11. Nf3 {[%emt 0:05:04] [#] e5 is the strong threat.} e5 12. O-O Rfe8 13. Nh4 g6 14. Nf3 a5 15. Rb1 Nc5 16. Nd2 a4 17. Re1 {[%emt 0:03:28] Not much happened in this game.   Weighted Error Value: White=0.05 (flawless) /Black=0.02 (flawless)} 1/2-1/2

[Event "SixDays Budapest January-GM 2023"]
[Site "Budapest"]
[Date "2023.01.24"]
[Round "3.2"]
[White "Hacker, Jonas"]
[Black "Chen, Qi b"]
[Result "0-1"]
[ECO "B31"]
[WhiteElo "2446"]
[BlackElo "2484"]
[Annotator "TA"]
[PlyCount "62"]
[EventDate "2023.01.23"]
[EventType "tourn"]
[EventCountry "HUN"]
[SourceTitle "playchess.com"]
[Source "ChessBase"]
[SourceQuality "1"]
[TimeControl "5400+30"]

1. e4 c5 2. Nf3 Nc6 3. Bb5 g6 4. O-O Bg7 5. c3 Nf6 6. Re1 O-O 7. d4 Qb6 {[%emt 0:00:56] 7...d5 is a critical line.} (7... d5 $5 ) 8. Bxc6 {[%emt 0:01:05] B31: Sicilian: 2...Nc6 3 Bb5 g6.} dxc6 9. h3 Rd8 10. Qc2 {[%emt 0:01:10] The position is equal.} cxd4 11. cxd4 c5 {[%emt 0:00:12] [#]} 12. d5 $146 ({Predecessor:} 12. dxc5 Qc6 13. Nbd2 Be6 14. Nb3 Rac8 15. Nbd4 Qxc5 16. Qxc5 Rxc5 17. Nxe6 fxe6 18. Be3 {½-½ Harikrishna,P (2716)-Fedoseev,V (2685) ESP-chT Rapid 2022 (6)}) 12... h6 (12... e6 $5 ) 13. Be3 $2 {[%emt 0:08:50] [#]} (13. Nc3 $14 {keeps the upper hand.}) 13... e6 (13... Nxd5 $1 $17 14. exd5 Qxb2 15. Qxb2 (15. Qxc5 $2 Qxa1 16. Bd4 Bxd4 $19) 15... Bxb2) 14. Bxc5 $11 Qc7 15. dxe6 $2 {[%emt 0:04:10] This costs White the game.} (15. d6 $11 Rxd6 {[%mdl 64] Pin} 16. Na3) 15... Bxe6 $19 {[%emt 0:03:13] Threatens to win with ...Nd7.} 16. Na3 (16. Qc1 {was called for.}) 16... Rac8 17. e5 Nd7 (17... Qxc5 $2 18. Qxc5 Rxc5 19. exf6 Bxf6 20. b4 $19) 18. b4 b6 (18... Nxe5 19. Nxe5 Bxe5 20. Nb5 $17) 19. Nb5 Qb8 20. Nd6 bxc5 21. Nxc8 Rxc8 ({And not} 21... Qxc8 22. bxc5 Nxc5 23. Rad1 Rxd1 24. Rxd1 $17) 22. bxc5 Rxc5 23. Qa4 Nxe5 ({Inferior is} 23... Bxe5 24. Rab1 Qc7 25. Nxe5 Rxe5 26. Rxe5 Nxe5 27. Qd4 $17) 24. Nxe5 Bxe5 {[%emt 0:00:11] A strong pair of Bishops.} (24... Rxe5 $2 {loses.} 25. Rad1 $19) 25. Rac1 Qb6 26. Rxc5 Qxc5 27. Qe4 Bd4 28. Qe2 Kg7 29. Rd1 a5 {[%emt 0:01:51][%cal Ba7a5,Ba5a4][%mdl 32] Black is clearly winning.} 30. Qd2 Bf6 {[%emt 0:00:39] Strongly threatening ...Qa3.} 31. Rb1 a4 {[%emt 0:00:47] Weighted Error Value: White=0.45/Black=0.12 (very precise)} 0-1

[Event "SixDays Budapest January-GM 2023"]
[Site "Budapest"]
[Date "2023.01.24"]
[Round "3.3"]
[White "Ghazarian, Kirk"]
[Black "Berczes, David"]
[Result "1-0"]
[ECO "E49"]
[WhiteElo "2466"]
[BlackElo "2436"]
[Annotator "TA"]
[PlyCount "101"]
[EventDate "2023.01.23"]
[EventType "tourn"]
[EventCountry "HUN"]
[SourceTitle "playchess.com"]
[Source "ChessBase"]
[SourceQuality "1"]
[TimeControl "5400+30"]

1. d4 {[%emt 0:00:01] Wells,Peter K} Nf6 2. c4 e6 3. Nc3 Bb4 4. e3 O-O 5. Bd3 d5 6. a3 Bxc3+ 7. bxc3 dxc4 8. Bxc4 c5 9. Bd3 {[%emt 0:00:56] E49: Nimzo-Indian: Rubinstein: 5 Bd3 d5 6 a3 Bxc3+ 7 bxc3.} (9. dxc5 Qxd1+ 10. Kxd1 Bd7 $17) 9... Qc7 10. Bb2 b6 {[%emt 0:06:22] 10...e5 is a critical line.} 11. e4 {[%emt 0:14:47] [#] The position is equal.} Ba6 $146 ({Predecessor:} 11... e5 12. d5 c4 13. Bc2 Nbd7 14. Ne2 Nc5 15. Ng3 b5 16. O-O a5 17. Bc1 Ra6 {½-½ Milov,V (2626)-Polgar,J (2656) Najdorf Memorial 11th 2000 (2)}) 12. Bxa6 Nxa6 13. Qe2 (13. Qd3 $5 b5 14. Ne2 $11) 13... b5 14. f3 (14. Nf3 $11 {was preferrable.}) 14... Qa5 $15 15. Kf2 Rfd8 16. Nh3 cxd4 17. cxd4 {[%emt 0:00:05] [#]} Nc5 $1 18. Rhd1 (18. dxc5 Rd2 19. Nf4 Rxe2+ 20. Nxe2 Nd7 $17) 18... Na4 19. Rac1 Rac8 20. Nf4 Qb6 21. Kf1 Nxb2 22. Qxb2 h6 23. Ne2 Ne8 24. Rxc8 Rxc8 25. Rc1 (25. d5 $11) 25... Rxc1+ 26. Qxc1 {[%emt 0:00:06][%mdl 4096] Endgame KQN-KQN} Qc7 ({Black should play} 26... Nd6 $17) 27. Qc5 (27. Qxc7 {simplifies} Nxc7 28. Ke1 Kf8 29. Kd2) 27... a6 28. Kf2 (28. Qxc7 {simplifies} Nxc7 29. Ke1 Kf8 30. Kd2) 28... Qd6 29. e5 Qxc5 (29... Qb8 $11 {remains equal.}) 30. dxc5 $11 {[%emt 0:00:01][%cal Bd4c5,Bc5c6,Bc6c7][%mdl 32] Black must now prevent Ke3. KN-KN} Nc7 31. Ke3 (31. c6 $1 $16) 31... Kf8 $2 (31... Nd5+ $11 {and Black has nothing to worry.} 32. Kd3 Ne7) 32. Kd4 {[%emt 0:00:45] aiming for c6.} Ke7 33. c6 {[%emt 0:00:50] Strongly threatening Nc3.} Nd5 {[%emt 0:00:05] [#]} (33... Kd8 $16) 34. Kc5 $2 (34. Nc3 $1 $18 Nc7 35. Kc5) 34... Kd8 $16 35. Kd6 Ne3 {[%emt 0:00:55] [#]} (35... g5 $16) 36. c7+ $1 $18 Kc8 37. f4 $2 (37. Ke7 $16) 37... Nd5 $2 (37... Nxg2 38. Ke7 g5 39. fxg5 hxg5 40. Kxf7 $14) (37... Nf5+ $11 {and Black is okay.} 38. Kc6 Ne7+ 39. Kb6 Nd5+ 40. Kxa6 b4 41. axb4 Nxb4+ 42. Kb5 Nd5) 38. g3 Nxc7 39. Ke7 a5 $2 (39... f5 {is more resistant.} 40. exf6 gxf6 41. Kxf6 Kd7) 40. Kxf7 Kd7 41. g4 Kc6 42. f5 (42. Kxg7 $142 Kd5 43. Kxh6) 42... exf5 43. gxf5 {[%emt 0:00:09][%cal Oe5e6] Hoping for e6!} Kd5 (43... b4) 44. e6 (44. Kxg7 Kxe5 45. Kxh6 Kxf5 $11) 44... Ke5 45. e7 {[%emt 0:00:06] Nc3 would be deadly.} b4 {[%emt 0:00:29] Prevents Nc3.} 46. a4 (46. e8=R+ Nxe8 47. axb4 Nd6+ 48. Kxg7 Nxf5+ 49. Kg6 axb4 $17) (46. e8=N bxa3 47. Nc3 (47. Nxc7 $2 a2 $19) 47... Nxe8 $19) 46... b3 47. Nc1 {[%emt 0:00:17] White mates.} (47. e8=R+ Nxe8 48. Nc1 Nd6+ 49. Kg6 b2 50. Nd3+ Kd4 51. Nxb2 Kc3 52. Nd1+ Kb3 $17) 47... b2 48. Nd3+ (48. e8=R+ $2 Kd6 49. Rd8+ Kc6 $19) 48... Kxf5 49. Nxb2 (49. e8=R $2 b1=Q 50. Re5+ Kg4 $19) 49... g5 50. Nc4 ({And not} 50. e8=R Nxe8 51. Kxe8 h5 $11) 50... g4 51. Nd6+ {[%emt 0:00:17] Weighted Error Value: White=0.35/Black=0.51} ({Weaker is} 51. e8=R Nxe8 52. Ne3+ (52. Kxe8 h5 $11) 52... Kf4 53. Ng2+ Kf3 54. Nh4+ Kf2 $11) 1-0

[Event "SixDays Budapest January-GM 2023"]
[Site "Budapest"]
[Date "2023.01.24"]
[Round "3.4"]
[White "Kozak, Adam"]
[Black "Olsen, Filip Boe"]
[Result "1-0"]
[ECO "A18"]
[WhiteElo "2558"]
[BlackElo "2428"]
[Annotator "TA"]
[PlyCount "109"]
[EventDate "2023.01.23"]
[EventType "tourn"]
[EventCountry "HUN"]
[SourceTitle "playchess.com"]
[Source "ChessBase"]
[SourceQuality "1"]
[TimeControl "5400+30"]

1. c4 Nf6 2. Nc3 e6 3. e4 d5 4. cxd5 exd5 5. e5 Ne4 6. Nf3 Bf5 {[%emt 0:00:30] A18: English Opening: Flohr-Mikenas System (1 c4 Nf6 2 Nc3 e6 3 e4).} 7. a3 $5 {[%emt 0:01:12][%mdl 4] A promising side line.} Be7 8. d4 O-O {[%emt 0:00:50] The position is equal.} 9. Bd3 c5 10. O-O Nc6 11. dxc5 Bxc5 12. Qc2 {[%emt 0:00:21][%cal Rc3e4] [#]} Rc8 $146 ({Predecessor:} 12... Nd4 13. Nxd4 Bxd4 14. Nxe4 dxe4 15. Bxe4 Rc8 16. Qe2 Bxe4 17. Qxe4 Qb6 18. Rb1 Qg6 {½-½ Eljanov,P (2720)-Wojtaszek,R (2737) Bundesliga 1718 2017 (5.1)}) 13. Nxe4 dxe4 14. Bxe4 Nd4 15. Qd3 Nxf3+ 16. Qxf3 Bxe4 17. Qxe4 Qd4 {[%emt 0:00:40] Prevents Be3.} 18. Qxb7 (18. Qxd4 {simplifies} Bxd4 19. Be3 Bxe5 20. Bxa7 Bxb2 21. Ra2) 18... Qxe5 19. Bd2 Rb8 20. Bc3 {[%emt 0:00:27] Qxa7 is the strong threat.} Qxh2+ (20... Qxc3 $2 21. Qxb8 Qf6 22. Qc7 $18) 21. Kxh2 Rxb7 22. Rad1 Rc8 23. Rd3 f6 24. Kg1 Rb3 25. Rc1 Bb6 26. Rd7 Re8 (26... Rb5 $11) 27. a4 $1 $16 Rd8 28. Rcd1 {[%emt 0:02:45] White is more active.} Rxd7 29. Rxd7 {[%emt 0:00:02][%mdl 4096] Endgame KRB-KRB} Bc5 30. Kf1 ({Better is} 30. Rc7 $16 Bd6 31. Rxa7) 30... Rb8 31. a5 a6 32. Ke2 Re8+ 33. Kf3 Rb8 34. Rc7 Bb4 {[%emt 0:00:13] [#]} 35. Rc6 $1 {[%emt 0:00:59] Black must now prevent Rb6.} Bxc3 36. bxc3 {[%emt 0:00:01] KR-KR} Rb5 $2 (36... Kf7 $16) 37. Rxa6 $18 Rc5 {[%emt 0:00:04] [#]} 38. Ke4 $1 Rxc3 39. Rb6 {[%emt 0:01:02] aiming for a6.} Ra3 40. a6 {[%emt 0:00:01] And now Kd5 would win.} Ra5 41. Rb8+ Kf7 42. Rb7+ Kg6 $2 {[%emt 0:01:41][%mdl 8192] This move loses the game for Black.} (42... Ke6 $16) 43. a7 h5 44. Kd4 Kh6 45. Kc4 g5 46. Kb4 Ra1 47. Kb5 g4 48. g3 {[%emt 0:02:02][%cal Bg2g3,Bg3h4][%mdl 32] Threatening mate with Kb6.} h4 49. Kb6 f5 50. Rb8 f4 51. Rh8+ ({Worse is} 51. a8=B Rb1+ 52. Kc7 Rxb8 53. Kxb8 fxg3 54. fxg3 hxg3 $11) (51. gxh4 $142 f3 52. a8=Q (52. a8=B g3 $11) 52... Rxa8 53. Rxa8 Kg6 54. Ra5 Kg7 55. Rg5+ Kf7 56. Kc5) 51... Kg5 52. gxh4+ {[%emt 0:00:33] White mates.} (52. a8=B fxg3 53. fxg3 hxg3 $11) 52... Kg6 53. a8=Q ({Weaker is} 53. a8=B Rf1 $14) 53... Rxa8 54. Rxa8 f3 55. Ra5 {[%emt 0:00:07] Weighted Error Value: White=0.09 (flawless) /Black=0.41} 1-0

[Event "SixDays Budapest January-GM 2023"]
[Site "Budapest"]
[Date "2023.01.24"]
[Round "3.5"]
[White "Lucas, Arthur"]
[Black "Can, Isik"]
[Result "0-1"]
[ECO "B10"]
[WhiteElo "2412"]
[BlackElo "2488"]
[Annotator "TA"]
[PlyCount "84"]
[EventDate "2023.01.23"]
[EventType "tourn"]
[EventCountry "HUN"]
[SourceTitle "playchess.com"]
[Source "ChessBase"]
[SourceQuality "1"]
[TimeControl "5400+30"]

1. e4 c6 2. Nc3 d5 3. Nf3 dxe4 4. Nxe4 Nf6 5. Qe2 Nxe4 6. Qxe4 Nd7 {[%emt 0:00:04] B11: Caro-Kann: Two Knights Variation.} 7. Bc4 {[%emt 0:00:29] Strongly threatening Ng5.} Nf6 {[%emt 0:00:05] [#]} 8. Ne5 $1 e6 {[%emt 0:00:04] White is slightly better.} 9. Qe2 b5 10. Bd3 (10. Nxc6 Qc7 11. Bd3 (11. Bxb5 a6 $17) 11... a6 $15) 10... Bd6 11. a4 Qc7 {[%emt 0:00:21] [#]} 12. Nxc6 {[%emt 0:00:51][%mdl 64] Remove Defender} b4 (12... Qxc6 $2 13. Bxb5 $18 (13. axb5 $2 Qxg2 14. Rf1 Bb7 $19) (13. axb5 $2 Qxg2 14. Rf1 Bxh2 $19)) (12... O-O 13. axb5) 13. Nd4 $1 a6 {[%emt 0:00:12] Repels Nb5} 14. Nf5 $1 Bb7 15. Nxd6+ (15. Nxg7+ Kd7 16. Nh5 Nxh5 17. Qxh5 Bxg2 $15) 15... Qxd6 16. O-O h5 17. f3 {[%emt 0:03:47] [#]} Ng4 $146 {[%emt 0:10:17][%mdl 2048] Prevents Qe3. Black fights for an advantage.} ({Predecessor:} 17... h4 18. Bc4 h3 19. g3 Qd4+ 20. Rf2 Rh5 21. c3 Qb6 22. d4 Rc8 23. Bd2 bxc3 24. bxc3 {1-0 Vokhidov,S (2568)-Samadov,R (2450) Speed Chess Q1 blitz 2022 (9)}) 18. fxg4 (18. f4 $1 $11) 18... hxg4 $15 19. Qxg4 (19. g3 $1 $15 Qc6 20. Qe4 Qxe4 21. Bxe4 Bxe4 22. Rf4 (22. d3 Bf3 $15) 22... Bxc2 23. Rxb4) 19... Qxh2+ $19 20. Kf2 Rh4 $1 21. Qxg7 {[%emt 0:18:20] [#] Threatens to win with Ke1.} Bxg2 $1 {[%emt 0:00:10][%mdl 512] Black is more active.} 22. Qxg2 (22. Qg8+ Ke7 23. Qg5+ (23. Qxg2 $2 {loses.} Rf4+ 24. Ke1 Qxg2 $19) 23... Kd6 24. Qxg2 (24. Rg1 {gets mated.} Rf4+) 24... Rf4+ 25. Ke1 Qxg2 $19) 22... Rf4+ 23. Ke3 {[%emt 0:00:05] Now White is beyond hope.} (23. Ke1 $17 Qxg2 24. Rxf4) 23... Qxg2 24. Rxf4 {[%emt 0:00:36] [#]} Qg3+ $1 25. Rf3 Qe1+ 26. Be2 Qg1+ 27. Rf2 {[%emt 0:12:03] [#]} (27. Kd3 $142 Rd8+ 28. Kc4) 27... Rc8 $1 28. c4 (28. Bxa6 Rc5 29. c3) 28... f5 29. Bf1 Qg3+ 30. Ke2 Rxc4 {[%emt 0:00:02] ( -> ...Re4+)} 31. Rf3 Re4+ 32. Re3 Qg4+ 33. Kd3 Rxe3+ 34. Kxe3 f4+ 35. Ke4 f3+ 36. Ke5 Qg3+ 37. Kf6 Qh4+ 38. Kg6 Qg4+ {[%emt 0:00:04] Black mates.} 39. Kf6 Qf5+ 40. Kg7 Qg5+ 41. Kh7 Kf7 42. d3 Qg7# {[%emt 0:00:05] Magnificent play by Can!   Weighted Error Value: White=0.55/Black=0.05 (flawless)} 0-1

[Event "SixDays Budapest January-GM 2023"]
[Site "Budapest"]
[Date "2023.01.25"]
[Round "4.1"]
[White "Pajeken, Jakob Leon"]
[Black "Can, Isik"]
[Result "1/2-1/2"]
[ECO "D02"]
[WhiteElo "2449"]
[BlackElo "2488"]
[Annotator "TA"]
[PlyCount "72"]
[EventDate "2023.01.23"]
[EventType "tourn"]
[EventCountry "HUN"]
[SourceTitle "playchess.com"]
[Source "ChessBase"]
[SourceQuality "1"]
[TimeControl "5400+30"]

1. Nf3 d5 2. d4 Nf6 3. c4 c6 4. Qc2 dxc4 5. Qxc4 Bg4 6. Nc3 {[%emt 0:00:13] D23: Queen's Gambit Accepted: 3 Nf3 Nf6 sidelines.} Nbd7 7. Bf4 $1 {[%emt 0:00:10][%mdl 4] now scores much better than the old 7.e4.} Nb6 8. Qd3 Nbd5 {[%emt 0:00:03] 8...Bxf3 is not played anymore.} 9. Nxd5 Qxd5 10. Nd2 Bf5 11. Qc3 Qd7 12. Be5 {[%emt 0:00:05] [#]} e6 $146 ({Predecessor:} 12... h5 13. h3 e6 14. Rd1 h4 15. e3 Ne4 16. Nxe4 Bxe4 17. f3 Bg6 18. Bc4 f6 19. Bh2 Bd6 20. O-O Bxh2+ 21. Kxh2 {½-½ Mamrukov,D (2247)-Shwimmer,P (2387) FICGS class M 000011 email 2013 (1)}) 13. e3 Be7 14. Be2 O-O 15. O-O a5 16. a3 a4 17. Bf3 Rfc8 18. e4 Bg6 19. Rfe1 Ra6 20. h4 h6 21. Rad1 b5 22. g3 Qb7 23. Qe3 Nd7 24. Bf4 Qa7 25. h5 Bh7 26. e5 c5 (26... Nb6 $5 ) 27. Rc1 (27. d5 $14) 27... Rd8 $11 28. d5 exd5 29. Bxd5 Nf8 30. Qf3 Qd7 31. Bb7 Rb6 32. Be4 Ne6 {[%emt 0:00:54] aiming for ...Nxf4.} 33. Bxh7+ Kxh7 34. Be3 Ng5 35. Bxg5 {[%emt 0:02:45][%mdl 64] [#] Remove Defender} Bxg5 36. Rcd1 {[%emt 0:00:23] Ne4 would be deadly.} Bxd2 {[%emt 0:00:26] Weighted Error Value: White=0.10 (very precise) /Black=0.11 (very precise)} 1/2-1/2

[Event "SixDays Budapest January-GM 2023"]
[Site "Budapest"]
[Date "2023.01.25"]
[Round "4.2"]
[White "Olsen, Filip Boe"]
[Black "Lucas, Arthur"]
[Result "1/2-1/2"]
[ECO "A80"]
[WhiteElo "2428"]
[BlackElo "2412"]
[Annotator "TA"]
[PlyCount "130"]
[EventDate "2023.01.23"]
[EventType "tourn"]
[EventCountry "HUN"]
[SourceTitle "playchess.com"]
[Source "ChessBase"]
[SourceQuality "1"]
[TimeControl "5400+30"]

1. d4 f5 2. Nf3 Nf6 3. Bf4 e6 4. e3 b6 5. Nbd2 Bb7 6. Bd3 Bd6 {[%emt 0:01:34] A80: Dutch Defence: Unusual White second moves.} 7. c3 Bxf4 8. exf4 O-O {[%emt 0:00:09] The position is equal.} 9. O-O c5 10. Re1 {[%emt 0:13:24] [#]} Qc7 $146 ({Predecessor:} 10... Nc6 11. Nb3 Qc7 12. g3 Nd8 13. Bf1 Nf7 14. Bg2 Ne4 15. Nbd2 d5 16. Qe2 Rae8 {0-1 Harika,D (2358)-Prakash,G (2428) Hyderabad op 1st 2006 (4)}) 11. Ne5 Nc6 12. dxc5 bxc5 13. Ndc4 d5 14. Nd2 Nxe5 15. fxe5 (15. Rxe5 $11 Bc8 16. h3) 15... Ne4 $15 16. f3 Nxd2 (16... c4 {feels hotter.} 17. Bxe4 dxe4 18. fxe4 Rad8) 17. Qxd2 Qb6 {[%emt 0:00:04] [#] ...c4+ would be deadly.} 18. c4 (18. Qf2 $11) 18... a5 $17 19. Qf2 d4 20. Re2 Bc6 21. h3 Rab8 22. Kh2 Qc7 23. Rc1 a4 24. Kg1 Rb4 25. Rcc2 Qe7 26. Qg3 Rfb8 27. Kf1 R8b6 28. Qf4 Qb7 29. Qd2 Qe7 ({Reject} 29... Bxf3 $6 30. gxf3 Qxf3+ 31. Kg1 $11) 30. Qf4 $1 h6 31. Ke1 Qg5 32. Qxg5 hxg5 33. Kd1 Kf7 34. Kc1 Rb8 35. Re1 a3 36. b3 Rh8 37. Rf2 Rh4 38. Kd2 Ke7 39. Ref1 Kd7 40. Be2 Kc7 41. Bd3 Kb6 42. Be2 Ka5 43. Bd1 Rb8 44. Re1 Kb4 45. Ref1 Rbh8 46. Re1 Rf8 47. Ref1 Be8 48. Re1 Bg6 49. Be2 Rhh8 50. Bd3 Be8 51. Ref1 Rf7 52. Bc2 Bc6 53. Bd3 Rhf8 54. Kc2 Be8 55. Kd2 Rh8 (55... Ra7 $15) 56. Kc2 (56. Bc2 $1 $11) 56... Rhf8 57. Kd2 $1 g6 58. Kc2 Rh8 59. Kd2 Rh4 60. Re1 Bc6 61. Rg1 Rf4 {[%emt 0:00:44] Strongly threatening ...g4.} 62. Rgf1 {[%emt 0:00:23] [#] And now g3 would win.} (62. Be2 $5 Rh4 63. Rff1 $15) 62... Rh4 63. Rg1 Rhh7 {[%emt 0:01:03][%cal Og5g4] Black is slightly better.} 64. Rgf1 Be8 65. Kc2 Bc6 {[%emt 0:00:54] Weighted Error Value: White=0.07 (flawless) /Black=0.10 (very precise)} 1/2-1/2

[Event "SixDays Budapest January-GM 2023"]
[Site "Budapest"]
[Date "2023.01.25"]
[Round "4.3"]
[White "Berczes, David"]
[Black "Kozak, Adam"]
[Result "1/2-1/2"]
[ECO "A46"]
[WhiteElo "2436"]
[BlackElo "2558"]
[Annotator "TA"]
[PlyCount "38"]
[EventDate "2023.01.23"]
[EventType "tourn"]
[EventCountry "HUN"]
[SourceTitle "playchess.com"]
[Source "ChessBase"]
[SourceQuality "1"]
[TimeControl "5400+30"]

1. d4 Nf6 2. Nf3 d5 3. g3 Nbd7 4. Bg2 Nb6 5. O-O c6 6. Nbd2 {[%emt 0:00:59][%cal Oc2c4] D02: 1 d4 d5 2 Nf3 sidelines, including 2...Nf6 3 g3 and 2...Nf6 3 Bf4.} Bf5 7. Nh4 Bg4 8. h3 Be6 9. Nhf3 {[%emt 0:02:09] [#]} g6 $146 ({Predecessor:} 9... Bf5 10. Re1 e6 11. Ne5 Bd6 12. c4 Nbd7 13. g4 Bg6 14. Nxg6 hxg6 15. Qb3 Qc7 16. cxd5 cxd5 {½-½ Mamedov,R (2646)-Yuffa,D (2587) WchT Final 13th rapid 2022 (1.4)}) 10. Re1 Bg7 11. c3 O-O 12. e4 dxe4 13. Ng5 {[%emt 0:06:35] Black must now prevent Nxe6.} e3 14. Rxe3 Bd5 15. Bf1 h6 ({Black should try} 15... Nfd7 $11) 16. Ngf3 $1 $14 Rc8 17. c4 Be6 (17... Bxf3 $1 $14 18. Nxf3 c5) 18. Rxe6 fxe6 19. Qe2 ({White should play} 19. Qe1 $16) 19... Qd7 {[%emt 0:03:21] Weighted Error Value: White=0.16 (very precise) /Black=0.22 (precise)} (19... Kh7 $1 $14) 1/2-1/2

[Event "SixDays Budapest January-GM 2023"]
[Site "Budapest"]
[Date "2023.01.25"]
[Round "4.4"]
[White "Chen, Qi b"]
[Black "Ghazarian, Kirk"]
[Result "1/2-1/2"]
[ECO "B34"]
[WhiteElo "2484"]
[BlackElo "2466"]
[Annotator "TA"]
[PlyCount "36"]
[EventDate "2023.01.23"]
[EventType "tourn"]
[EventCountry "HUN"]
[SourceTitle "playchess.com"]
[Source "ChessBase"]
[SourceQuality "1"]
[TimeControl "5400+30"]

1. e4 c5 2. Nf3 Nc6 3. d4 cxd4 4. Nxd4 Nf6 5. Nc3 e5 6. Ndb5 d6 7. Nd5 Nxd5 8. exd5 Nb8 9. a4 Be7 10. Be2 O-O 11. O-O {[%emt 0:03:52] [#] An uneventful encounter.  B33: Sicilian: Pelikan and Sveshnikov Variations.} {Predecessor:} f5 $146 12. b4 a6 13. Na3 f4 14. a5 Bf5 15. c4 Nd7 16. Nb1 Bf6 17. Bg4 Bxg4 18. Qxg4 e4 {0-1 Abdusattorov,N (2688)-Gukesh,D (2684) Biel 55th 2022 (1)} 1/2-1/2

[Event "SixDays Budapest January-GM 2023"]
[Site "Budapest"]
[Date "2023.01.25"]
[Round "4.5"]
[White "Nagy, Gabor"]
[Black "Hacker, Jonas"]
[Result "1/2-1/2"]
[ECO "A45"]
[WhiteElo "2499"]
[BlackElo "2446"]
[Annotator "TA"]
[PlyCount "51"]
[EventDate "2023.01.23"]
[EventType "tourn"]
[EventCountry "HUN"]
[SourceTitle "playchess.com"]
[Source "ChessBase"]
[SourceQuality "1"]
[TimeControl "5400+30"]

1. d4 Nf6 2. Nc3 d5 3. Bf4 c5 4. e3 cxd4 5. exd4 a6 6. Nf3 {[%emt 0:00:41] B13: Caro-Kann: Exchange Variation and Panov-Botvinnik Attack.} Nc6 7. Ne5 Qb6 8. Nxc6 {[%emt 0:08:24] White has an edge.} Qxc6 {[%emt 0:01:57] [#]} 9. Qd3 $146 ({Predecessor:} 9. Bd3 Bg4 10. Qd2 e6 11. a3 Bh5 12. O-O Bg6 13. Be5 Bd6 14. Bxd6 Qxd6 15. Rae1 {½-½ Boros,D (2429)-Vazquez,G (2527) Titled Tuesday intern op 14th April blitz 2020 (5)}) 9... Bg4 10. f3 Bh5 11. O-O-O Rc8 12. Qe3 b5 {[%emt 0:09:42] [#] ...b4 is the strong threat.} 13. Bd3 Bg6 {[%emt 0:04:43] ...b4 would be deadly.} 14. Kb1 e6 15. Ne2 Be7 16. h4 Bxd3 17. cxd3 O-O 18. Rc1 Qd7 19. g4 Rxc1+ 20. Rxc1 Rc8 {[%emt 0:00:06] Prevents Rc7} 21. h5 Rxc1+ 22. Qxc1 h6 23. Qc2 Bd6 24. Qc1 Bxf4 25. Qxf4 Qd8 26. a3 {[%emt 0:07:29] Weighted Error Value: White=0.09 (flawless) /Black=0.11 (very precise)} 1/2-1/2